Selects Airborne Battlegroup
Selects Heavy Machine Gun Paradrop
Heavy Machine Gun Paradrop
Heavy Machine Gun Paradrop
Selects Paratrooper Squad Paradrop
Paratrooper Squad Paradrop
Paratrooper Squad Paradrop
Mechanized Support Center
Construct Weapon Support Center
Designate Forward Repair Station
Selects Anti-tank Gun Team Paradrop
Anti-tank Gun Team Paradrop
M4A1(76) Sherman Medium Tank
Selects Carpet Bombing Run
Improved M9 Bazooka Rockets
Designate Forward Repair Station
M3 Armored Personnel Carrier